 Dungeon Sprint DCSS version 0.31-a0-986-g5e6e4ef867 (webtiles) character file.

Game seed: 3415533942378322709

308 rocky1 the Grappler (level 6, -4/41 HPs)
             Began as an Octopode Shapeshifter on Nov 14, 2023.
             Was an Initiate of Gozag.
             Slain by a shadow (9 damage)
             ... in the Dungeon (Sprint IX: "|||||||||||||||||||||||||||||").
             The game lasted 00:01:00 (468 turns).

rocky1 the Grappler (Octopode Shapeshifter)          Turns: 468, Time: 00:01:00

Health: -4/41      AC:  1    Str: 17    XL:     6   Next: 40%
Magic:  6/6        EV: 14    Int: 15    God:    Gozag
Gold:   0          SH:  0    Dex: 13    Spells: 5/5 levels left

rFire   . .          .
                       - Unarmed
rCold   . . .        (no shield)
rNeg    . . .        (helmet currently unavailable)
rPois   .            (no amulet)
rElec   .            m - +3 ring of strength
rCorr   .            n - +3 ring of intelligence
SInv    .            (no ring)
Will    .....        (no ring)
Stlth   ++++         (no ring)
HPRegen 0.26/turn    (no ring)
MPRegen 0.10/turn    (no ring)
                     (no ring)

%: no teleportation
@: beast-form
A: beast (slay +4), almost no armour, amphibious, 8 rings, camouflage 1,
gelatinous body 1, (nimble swimmer 1), tentacles
a: Begin Untransformation, Renounce Religion, Potion Petition, Call Merchant,
Bribe Branch


You were in the Dungeon.
You worshipped Gozag.
Gozag was noncommittal.
You were a hulking beast.
You visited 1 branch

Inventory:

Jewellery
 m - a +3 ring of strength (left tentacle)
 n - a +3 ring of intelligence (right tentacle)
Talismans
 b - a beast talisman
 c - a flux talisman
Wands
 l - a wand of quicksilver (10)
Scrolls
 i - 2 scrolls of blinking
 k - 2 scrolls of amnesia
Potions
 a - a potion of lignification
 d - a potion of invisibility
 f - a potion of haste
 g - 4 potions of magic
 h - a potion of berserk rage
 j - 4 potions of curing


   Skills:
 + Level 2.5 Fighting
 + Level 4.0 Dodging
 + Level 6.2 Stealth
 + Level 8.3 Unarmed Combat
 + Level 8.2 Shapeshifting


You had 5 spell levels left.
You didn't know any spells.
Your spell library was empty.

Dungeon Overview and Level Annotations

Branches:
Dungeon (1/1)

Altars:
Cheibriados
Dithmenos
Elyvilon
Fedhas
Gozag
Hepliaklqana
Kikubaaqudgha
Makhleb
Nemelex Xobeh
Okawaru
Qazlal
Ru
Sif Muna
Trog
Uskayaw
Vehumet
Wu Jian
Xom
Yredelemnul
Zin
The Shining One
Jiyva
Lugonu


Innate Abilities, Weirdness & Mutations

You are a hulking beast.
Your limbs bulge with bestial killing power. (Slay +4)
You cannot wear most types of armour.
You are amphibious.
You can wear up to eight rings at the same time.
Your skin changes colour to match your surroundings (Stealth+).
Your rubbery body absorbs attacks. (AC +1, EV +1)
((You are camouflaged when in or above water. (Stealth+)))
You have tentacles for arms and can constrict up to eight enemies at once.


Message History

You bludgeon the orc warrior! You squeeze the orc warrior.
You kill the orc warrior!
Your Dodging skill increases to level 4!
Your Stealth skill increases to level 6!
Your Unarmed Combat skill increases to level 8!
Your Shapeshifting skill increases to level 8!
You have reached level 6!
Unknown command.
Okay, then.
You miss something.
The shadow strikes at you from the darkness!
Ouch! That really hurt!
* * * LOW HITPOINT WARNING * * *
Reactivating autopickup.
Unknown command.
You feel much better.
The shadow is distracted by your dazzling golden aura.
You closely miss the shadow.
The shadow is no longer distracted by gold.
The shadow slips into darkness.
The shadow flickers and vanishes!
Deactivating autopickup; reactivate with Ctrl-A.
You barely miss something. Your squeeze misses something.
The shadow strikes at you from the darkness!
* * * LOW HITPOINT WARNING * * *
Reactivating autopickup.
You tentacle-slap the shadow.
The shadow is lightly damaged.
The shadow misses you.
You closely miss the shadow. Your squeeze misses the shadow.
The shadow is lightly damaged.
You bludgeon the shadow!
The shadow is heavily damaged.
The shadow hits you.
* * * LOW HITPOINT WARNING * * *
You tentacle-slap the shadow.
The shadow is heavily damaged.
The shadow hits you!
You die...
Your body crumbles into a pile of gold.

▓+▓
▓.▓
▓o▓
▓{▓
▓W▓
▓h▓
▓$▓
▓'▓
▓.▓
▓.▓
▓[▓
▓[▓
▓[▓
▓.▓


You could see an orc warrior and a shadow.

Vanquished Creatures
  An orc warrior (D)
  A centaur (D)
  A wight (D)
  A jelly (D)
  A hound (D)
  An adder (D)
  A white imp (D)
  An orc (D)
  A ball python (D)
  A goblin (D)
  A kobold (D)
  2 rats (D)
13 creatures vanquished.

Notes
Turn   | Place    | Note
-------+----------+-------------------------------------------
     0 | D        | rocky1 the Octopode Shapeshifter began the quest for the
                  | Orb.
     0 | D        | Reached XP level 1. HP: 13/13 MP: 1/1
    25 | D        | Noticed a jelly
    25 | D        | Noticed a hound
    30 | D        | Killed a hound
    31 | D        | Reached skill level 1 in Stealth
    31 | D        | Reached XP level 2. HP: 10/18 MP: 2/2
    31 | D        | Reached XP level 3. HP: 13/23 MP: 3/3
    33 | D        | Reached skill level 5 in Shapeshifting
    40 | D        | Reached skill level 5 in Unarmed Combat
    40 | D        | Reached XP level 4. HP: 17/28 MP: 4/4
   299 | D        | Found a snail-covered altar of Cheibriados.
   299 | D        | Found a shadowy altar of Dithmenos.
   299 | D        | Found a white marble altar of Elyvilon.
   299 | D        | Found a blossoming altar of Fedhas.
   299 | D        | Found an opulent altar of Gozag.
   300 | D        | Found a hazy altar of Hepliaklqana.
   301 | D        | Found a viscous altar of Jiyva.
   302 | D        | Found an ancient bone altar of Kikubaaqudgha.
   303 | D        | Found a corrupted altar of Lugonu.
   304 | D        | Found a burning altar of Makhleb.
   305 | D        | Found a sparkling altar of Nemelex Xobeh.
   306 | D        | Found an iron altar of Okawaru.
   307 | D        | Became a worshipper of Gozag Ym Sagoz the Greedy
   308 | D        | Found a stormy altar of Qazlal.
   309 | D        | Found a sacrificial altar of Ru.
   310 | D        | Found a shimmering blue altar of Sif Muna.
   311 | D        | Found a bloodstained altar of Trog.
   312 | D        | Found a hide-covered altar of Uskayaw.
   313 | D        | Found a radiant altar of Vehumet.
   314 | D        | Found an ornate altar of the Wu Jian Council.
   315 | D        | Found a shimmering altar of Xom.
   316 | D        | Found a basalt altar of Yredelemnul.
   317 | D        | Found a glowing silver altar of Zin.
   318 | D        | Found a glowing golden altar of the Shining One.
   448 | D        | Noticed an orc warrior
   448 | D        | Noticed a shadow
   448 | D        | Noticed an orc warrior
   448 | D        | Noticed a centaur
   452 | D        | Killed a centaur
   453 | D        | Reached XP level 5. HP: 32/34 MP: 5/5
   454 | D        | Reached skill level 5 in Stealth
   460 | D        | Killed an orc warrior
   461 | D        | Reached XP level 6. HP: 31/41 MP: 6/6
   468 | D        | Slain by a shadow

Illustrated notes

Levels and vault maps discovered:
D:        linesprint [early_d, line_temple, items_1, d_10, items_2, lair_1,
          lair_end, items_3, orc_1, orc_end, items_4, d_15, swamp_1, shoals_1,
          snake_1, spider_1, d_20, vaults_1, items_5, swamp_end, shoals_end,
          snake_end, spider_end, vaults_end, d_27, items_6, zot_1, zot_end,
          crypt_end, forest_end, elf_end, slime_end, tomb_end, abyss_end,
          pan_hell_end]

Skill      XL: |  1  2  3  4  5 |
---------------+----------------+-----
Stealth        | 1 2 4 6 |  6.2
Unarmed Combat | 4 5 7 8 |  8.3
Shapeshifting  | 4 5 7 8 |  8.2
Fighting       | 2 |  2.5
Dodging        | 3 4 |  4.0

Action                     |  1- 3 |  4- 6 || total
---------------------------+-------+-------++-------
  Melee: Unarmed           |    18 |    18 ||    36
         Tentacles         |     4 |     4 ||     8
         Constrict         |     4 |     3 ||     7
         Punch             |     1 |       ||     1
    Use: Potion            |     2 |     2 ||     4
   Stab: Sleeping          |     2 |     1 ||     3
 Armour: Skin              |     7 |    11 ||    18
  Dodge: Dodged            |     6 |     6 ||    12

Table legend: (Time is in decaauts)
 A = Elapsed time spent in this place.
 B = Non-inter-level travel time spent in this place.
 C = Inter-level travel time spent in this place.
 D = Time resting spent in this place.
 E = Time spent auto-exploring this place.
 F = Levels seen in this place.
 G = Mean time per level.
                   A        B        C        D        E       F      G
               +--------+--------+--------+--------+--------+-----+--------+
         Total |    463 |    463 |      0 |    359 |      0 |   1 |  463.0 |
       Dungeon |    463 |    463 |      0 |    359 |      0 |   1 |  463.0 |
               +--------+--------+--------+--------+--------+-----+--------+

Top non-repeatable levels by time:
       D: 463 daAuts
